Map: Ascension to Aiur LE

Players

Yata - Winner!

  • Race: Zerg Zerg
  • League: Platinum
  • Spawn Location: 5:00

Noemi

  • Race: Protoss Protoss
  • League: Platinum
  • Spawn Location: 11:00

VOD

Have the link to the VOD?

Description

Time

  • Played on: Sept. 28, 2017, 9:47 p.m.
  • Length: 17:03
Show
View Real Time Build Order
Export as new Build Order

Yata Zerg - Winner!

Build Orders: Hatch First 

Get SALT Encoding   

  12  0:01  Drone  
  13  0:12  Overlord  
  13  0:18  Drone  
  14  0:30  Drone x2  
  16  0:36  Drone  
  17  0:55  Hatchery  
  17  0:57  Drone  
  17  1:00  Drone  
  18  1:22  Extractor  
  18  1:24  Spawning Pool  
  16  1:33  Overlord  
  16  1:35  Drone  
  16  1:36  Drone  
  18  1:44  Drone  
  19  1:57  Drone  
  20  2:05  Drone  
  22  2:08  Drone  
  22  2:10  Queen  
  22  2:13  Queen  
  26  2:19  Zergling x4  
  28  2:29  Evolution Chamber  
  27  2:30  Metabolic Boost  
  27  2:32  Drone  
  27  2:33  Drone  
  29  2:45  Drone  
  29  2:47  Drone  
  29  2:50  Overlord  
  31  3:05  Drone, Baneling Nest  
  31  3:07  Drone  
  31  3:08  Drone  
  31  3:10  Overlord  
  33  3:20  Zergling x2  
  33  3:21  Zergling x6  
  33  3:26  Drone x4  
  41  3:39  Pneumatized Carapace  
  41  3:55  Baneling x2  
  41  3:59  Extractor, Drone x3  
  41  4:01  Drone x4  
  41  4:02  Drone  
  48  4:05  Drone x3  
  51  4:15  Baneling x2  
  51  4:28  Zergling x2  
  51  4:31  Overlord x4  
  50  4:57  Zergling x12  
  56  5:15  Lair  
  56  5:17  Extractor, Drone  
  56  5:18  Drone x2  
  56  5:21  Queen  
  58  5:24  Hatchery  
  57  5:38  Zerg Melee Weapons Level 1  
  54  6:04  Spore Crawler x2  
  54  6:07  Spore Crawler x2  
  50  6:22  Hydralisk Den  
  49  6:29  Overlord x3  
  49  6:30  Overlord  
  49  6:35  Queen  
  49  6:36  Queen  
  49  6:37  Queen  
  49  6:39  Drone x13  
  68  7:03  Spore Crawler  
  68  7:05  Drone x3  
  68  7:06  Spore Crawler  
  69  7:12  Muscular Augments, Hydralisk x9  
  86  7:22  Hydralisk  
  83  7:26  Hydralisk  
  83  7:27  Hydralisk  
  89  7:35  Zerg Missile Weapons Level 1  
  89  7:36  Overlord x4  
  89  7:37  Overlord  
  89  7:44  Overseer  
  89  7:54  Extractor, Queen x3  
  89  7:56  Drone x2  
  89  7:57  Drone  
  97  8:03  Drone x3  
  97  8:04  Drone  
  101  8:09  Overlord x3  
  101  8:28  Zergling x16  
  101  8:29  Zergling x14  
  101  8:30  Queen x2  
  120  8:50  Queen  
  120  8:55  Hydralisk x3  
  122  8:59  Zergling x2  
  129  9:05  Queen  
  129  9:06  Queen  
  123  9:13  Overlord, Zergling x2  
  123  9:14  Overlord x6  
  123  9:15  Overlord  
  119  9:31  Hydralisk x9  
  137  9:39  Hydralisk x3  
  144  9:45  Zergling x2  
  144  9:46  Zergling x8  
  148  9:53  Hydralisk x2  
  148  9:56  Zergling x2  
  148  9:57  Zergling x6  
  156  10:14  Zergling x2  
  156  10:15  Zergling x6  
  160  10:27  Zergling x14  
  167  10:39  Infestation Pit  
  166  10:47  Zergling x2  
  166  10:48  Zergling x4  
  169  10:50  Overlord x4  
  167  10:57  Hatchery  
  151  11:07  Zergling x2  
  151  11:08  Zergling x20  
  159  11:13  Zergling x4  
  140  11:23  Zergling x6  
  140  11:24  Zergling x6  
  138  11:26  Hydralisk  
  140  11:45  Hive  
  140  11:46  Zerg Missile Weapons Level 2, Hatchery  
  139  11:53  Evolution Chamber  
  138  11:54  Evolution Chamber  
  138  11:55  Hydralisk  
  138  11:56  Hydralisk x9  
  138  12:00  Overseer x3  
  157  12:13  Hydralisk  
  157  12:14  Hydralisk x3  
  165  12:17  Zergling x6  
  166  12:24  Zergling x2  
  166  12:25  Zergling x8  
  171  12:36  Baneling x13  
  171  12:41  Zerg Ground Armor Level 1  
  171  12:46  Drone x2  
  171  12:47  Extractor  
  171  12:48  Drone  
  171  12:49  Extractor  
  171  12:51  Drone  
  166  13:05  Zergling x16  
  148  13:18  Zergling x8  
  148  13:19  Zergling x4  
  144  13:31  Zergling x12  
  150  13:40  Zergling x8  
  144  14:05  Hydralisk x5  
  144  14:08  Zergling x2  
  144  14:09  Zergling x2  
  156  14:10  Zergling x2  
  156  14:14  Zergling x2  
  158  14:34  Zergling x16  
  156  14:49  Hydralisk  
  156  14:50  Hydralisk x3  
  154  14:55  Zergling x4  
  154  14:56  Zergling x4  
  158  15:02  Drone x4  
  158  15:03  Drone  
  163  15:09  Zergling x2  
  163  15:10  Zergling x8  
  168  15:20  Queen  
  170  15:25  Zergling x16  
  170  15:26  Zergling x2  
  178  15:42  Zergling x24  
  171  15:43  Zergling x2  
  170  15:51  Overseer  
  170  15:53  Overseer  
  168  15:58  Zergling x2  
  168  15:59  Zergling x16  
  177  16:05  Zergling x2  
  177  16:06  Zergling x8  
  182  16:20  Spore Crawler  
  182  16:24  Spore Crawler  
  177  16:26  Spore Crawler  
  177  16:27  Spore Crawler  
  177  16:29  Spore Crawler  
  177  16:30  Spore Crawler  
  165  16:37  Zergling x2  
  165  16:38  Zergling x28  
Show
View Real Time Build Order
Export as new Build Order

Noemi Protoss 

Build Orders: Forge Fast Expand (FFE) 

Get SALT Encoding   

  12  0:18  Pylon  
  12  0:22  Probe (Chrono Boost)  
  13  0:33  Probe (Chrono Boost)  
  14  0:39  Forge  
  14  0:43  Probe (Chrono Boost)  
  15  0:54  Probe (Chrono Boost)  
  16  1:02  Pylon  
  16  1:06  Probe (Chrono Boost)  
  17  1:23  Nexus  
  17  1:39  Gateway  
  17  1:41  Pylon  
  17  1:44  Probe (Chrono Boost)  
  18  1:49  Assimilator  
  18  1:54  Assimilator  
  18  2:09  Probe (Chrono Boost)  
  19  2:19  Probe (Chrono Boost)  
  20  2:27  Cybernetics Core  
  20  2:30  Probe (Chrono Boost)  
  20  2:31  Pylon  
  20  2:36  Photon Cannon  
  21  2:40  Probe (Chrono Boost)  
  22  2:50  Zealot (Chrono Boost)  
  24  3:01  Pylon  
  24  3:02  Warp Gate (Chrono Boost)  
  24  3:05  Mothership Core (Chrono Boost)  
  26  3:30  Assimilator  
  26  3:41  Stargate  
  26  3:43  Gateway  
  26  3:51  Probe  
  26  3:52  Probe  
  28  3:59  Zealot (Chrono Boost)  
  30  4:03  Probe  
  30  4:04  Probe  
  30  4:09  Pylon  
  32  4:35  Stalker (Chrono Boost)  
  36  4:41  Stalker (Chrono Boost)  
  36  5:02  Photon Cannon  
  36  5:16  Assimilator  
  36  5:20  Phoenix (Chrono Boost)  
  38  5:33  Photon Cannon  
  38  5:35  Zealot  
  42  5:43  Phoenix (Chrono Boost)  
  42  5:45  Probe  
  41  6:15  Phoenix (Chrono Boost)  
  43  6:21  Probe x2  
  43  6:25  Pylon  
  45  6:33  Probe x2  
  45  6:34  Protoss Ground Weapons Level 1 (Chrono Boost)  
  47  6:45  Probe x2  
  49  6:55  Robotics Facility  
  49  6:57  Probe x2  
  49  6:59  Twilight Council  
  51  7:09  Probe x2  
  51  7:11  Zealot x2  
  57  7:23  Probe  
  57  7:28  Phoenix (Chrono Boost)  
  60  7:34  Zealot x2  
  60  7:36  Probe  
  65  7:48  Probe  
  66  8:00  Probe  
  66  8:01  Dark Shrine  
  66  8:03  Nexus  
  67  8:12  Templar Archives, Probe  
  68  8:15  Zealot x2  
  73  8:34  Charge (Chrono Boost)  
  70  8:35  Immortal  
  70  8:36  Pylon  
  74  8:43  Psionic Storm  
  74  8:59  Protoss Ground Weapons Level 2 (Chrono Boost)  
  74  9:03  Zealot  
  76  9:14  Immortal, Zealot  
  82  9:26  High Templar  
  84  9:33  Gateway  
  84  9:36  Gateway  
  84  9:37  Gateway  
  84  9:38  Gateway  
  84  9:39  Gateway  
  84  9:40  Probe  
  85  9:53  High Templar  
  85  9:54  Pylon  
  87  10:01  Zealot  
  89  10:16  Robotics Bay  
  89  10:20  Immortal (Chrono Boost)  
  93  10:23  High Templar  
  95  10:31  Photon Cannon  
  95  10:33  Photon Cannon  
  95  10:35  High Templar x3  
  99  10:39  Probe  
  99  10:41  Probe x2  
  104  10:47  Assimilator  
  104  10:50  Probe  
  104  10:53  Probe x2  
  104  10:56  Pylon  
  105  11:00  Probe  
  105  11:03  Archon x2  
  105  11:04  Stalker x2  
  90  11:05  Stalker x2, Probe x2  
  90  11:09  Dark Templar  
  96  11:11  Probe  
  96  11:14  Dark Templar  
  83  11:19  Dark Templar  
  81  11:25  Colossus (Chrono Boost)  
  87  11:40  Zealot x3  
  87  11:42  Photon Cannon  
  93  11:52  Protoss Ground Armor Level 1 (Chrono Boost), Forge  
  93  11:54  Probe  
  93  11:55  Probe x2  
  93  12:01  Zealot  
  97  12:05  Stalker  
  97  12:07  Probe  
  100  12:12  Warp Prism  
  100  12:17  Stalker  
  102  12:24  High Templar  
  102  12:25  Extended Thermal Lance (Chrono Boost)  
  102  12:27  Archon x2  
  102  12:28  Dark Templar  
  102  12:29  Dark Templar  
  108  12:42  Protoss Ground Weapons Level 3 (Chrono Boost)  
  108  12:43  Probe  
  108  12:44  Pylon, Probe x2  
  108  12:49  Stalker  
  113  12:53  High Templar, Assimilator, Probe  
  113  12:56  Probe  
  117  12:59  Probe  
  86  13:10  Stalker x3  
  82  13:19  Stalker x3  
  65  13:30  Stalker  
  64  13:39  Dark Templar  
  66  13:42  Zealot x3  
  66  13:43  Zealot x2  
  62  14:07  Zealot x2  
  62  14:08  Zealot  
  68  14:14  High Templar x2  
  68  14:15  High Templar, Nexus  
  74  14:18  Archon  
  74  14:27  High Templar  
  74  14:31  Zealot x3  
  60  14:54  Dark Templar x2  
  64  15:00  Zealot x3  
  70  15:21  Colossus (Chrono Boost)  
  70  15:24  Stalker  
  70  15:25  Pylon  
  70  15:28  Probe  
  79  15:38  Probe  
  79  15:42  Dark Templar x2  
  68  15:48  Dark Templar  
  56  16:00  Dark Templar  
  58  16:06  Probe  
  58  16:07  Assimilator, Probe x2  
  58  16:11  Assimilator  
  56  16:16  Probe  
  57  16:19  Probe x2  
  57  16:22  High Templar  
  57  16:23  Zealot x3  
  57  16:33  Dark Templar  
Tags
 
Add a new tag
Caveats
  • Supply blocks, unpowered buildings, or Contaminate may cause inaccurate times.
  • Supply counts are checked every 10 seconds.